Zapwai, lawful male human Barbarian ---- |??? --------- ---------------- |??? |.......| |.........*....| |???. |....[..| |..............| |???.| #..[.(...| |..<...........| |???.-####----.---- |..............| |???.| ###### -.----|--.------ ----- # ## #### ### # ### # ### # ### ----------|- ######## # |..........-# ##---.---.- ### |.........#| #|.......| # |..........| #-.......| ### |..........-#####|.......| #### ------------ #|.......| --.-- ----------.- #|.......| |....#####........H..| --------- |>..| |........@.| ----- ------------ Zapwai the Bandit Experience level: 9 Strength: 18/01 Dexterity: 17 Constitution: 18 Intelligence: 8 Wisdom: 9 Charisma: 6 Health: 0(101) Energy: 20(20) Def: 15 Gold: 3036 Moves: 8849 Dungeon seed: cgANA9-njNzmOniJ Game ID: Zapwai_1434260403 Your Inventory: Coins $ - 3036 gold pieces Weapons e - a +0 dwarvish spear (weapon in hand) t - a +0 short sword w - a +0 silver saber (wielded in other hand) E - a +0 dagger (in quiver) Armor b - an uncursed +2 dwarvish iron helm (being worn) o - an uncursed +0 pair of leather gloves (being worn) s - an uncursed +0 pair of iron shoes (being worn) x - a blessed +0 dwarvish mithril-coat (being worn) z - an uncursed +0 dwarvish cloak (being worn) Comestibles j - an uncursed eucalyptus leaf k - an uncursed sprig of wolfsbane u - 3 uncursed food rations I - an uncursed candy bar K - an uncursed orange L - 2 uncursed lizard corpses M - an uncursed tripe ration Scrolls P - an uncursed scroll of genocide Potions J - a potion of holy water Rings i - an uncursed ring of stealth Wands l - a wand of magic missile (0:5) m - a wand of magic missile (0:6) p - a wand of teleportation (0:4) A - a wand of enlightenment (0:14) F - a wand of digging (0:3) Y - a wand of teleportation (0:6) Tools a - an uncursed oil lamp (0:178) c - 25 uncursed tallow candles (0:200) d - an uncursed towel f - an uncursed stethoscope q - an uncursed pair of lenses r - an uncursed credit card H - an expensive camera (0:73) O - an uncursed mirror Gems n - an uncursed luckstone y - an uncursed worthless piece of orange glass C - 2 uncursed rubies N - an uncursed chrysoberyl stone Q - an uncursed flint stone Spells known in the end: Name Level Category Fail Memory Your skills at the end: Fighting Skills bare handed combat [Basic] two weapon combat [Basic] Weapon Skills axe [Basic] short sword [Basic] saber [Basic] spear [Skilled] Spellcasting Skills Final Attributes: You were fervently aligned. You were fire resistant. You were cold resistant. You were poison resistant. You were telepathic. You were protected. You were fast. You were wielding two weapons at once. You were lucky. You had extra luck. Bad luck did not time out for you. Good luck did not time out for you. You are dead. Vanquished creatures: a titanothere 2 vampires an ogre king an air elemental 2 winter wolves an ettin mummy a quantum mechanic a pyrolisk a flaming sphere a large cat a tiger a gargoyle a leocrotta 2 red nagas an ettin zombie a succubus a winter wolf cub a gremlin a leprechaun 2 giant spiders 2 horses a black light 2 gnome kings 2 orc mummies a dwarf mummy an owlbear 2 lizards a dingo a jaguar a water nymph a dust vortex 2 gnome mummies a snake 2 apes 2 human zombies 9 fire ants an imp a wood nymph an orc shaman a rock piercer a rock mole 2 ponies 2 yellow lights a shrieker 9 gnome lords 3 gnomish wizards 4 kobold mummies 3 elf zombies 3 ghouls a straw golem 5 floating eyes 3 dwarves 3 homunculi a kobold shaman 3 rothes 6 monkeys a werejackal 6 iguanas a killer bee 2 coyotes 2 gas spores 2 hobbits 2 hobgoblins a cave spider a brown mold 2 yellow molds 50 gnomes 14 garter snakes 11 manes 2 gnome zombies 3 geckos 3 jackals a fox 2 kobolds 4 goblins a grid bug 3 bats 2 lichens 2 kobold zombies 6 newts 233 creatures vanquished. Voluntary challenges: You used a wielded weapon 465 times, starting on turn 150. You read items or engraved 66 times, starting on turn 755. You never genocided any monsters. You never polymorphed an object. You never changed form. You used no wishes. You never split a pudding. You wrote Elbereth's name 59 times, starting on turn 755. You never violated your personal moral code. Dungeon overview: The Dungeons of Doom: levels 1 to 23 Level 1 a fountain a long staircase Level 2 a fountain Level 3 stairs to The Gnomish Mines Level 4 some fountains Level 5 Level 6 a fountain Level 7 many fountains Level 8 some fountains Level 9 a fountain Level 10 a fountain Level 11 a jewelry store Level 12 Level 13 a sink Level 14 Level 15 Level 16 a fountain, some sinks Level 17 Level 18 a sink Level 19 Level 20 a temple to Mitra, some fountains Level 21 a sink Level 22 a temple to Set Level 23 <- You were here a scroll shop, a sink The Gnomish Mines: levels 4 to 11 Level 4 stairs to The Dungeons of Doom Level 5 Level 6 many shops, a temple to Set, some fountains Level 7 Level 8 Level 9 Level 10 Level 11 some fountains History has recorded: On T:1 you entered the Dungeons of Doom to retrieve the Amulet of Yendor! On T:159 you reached level 2 of The Dungeons of Doom. On T:215 you reached level 3 of The Dungeons of Doom. On T:441 you reached level 1 of The Gnomish Mines. On T:443 you advanced to experience level 2. On T:483 you advanced to experience level 3. On T:608 you reached level 2 of The Gnomish Mines. On T:636 you advanced to experience level 4. On T:676 you reached level 3 of The Gnomish Mines. On T:1044 you advanced to experience level 5. On T:1174 you reached level 4 of The Gnomish Mines. On T:1242 you advanced to experience level 6. On T:1301 you reached level 5 of The Gnomish Mines. On T:1388 you reached level 7 of The Gnomish Mines. On T:1443 you reached level 8 of The Gnomish Mines. On T:1459 you advanced to experience level 7. On T:1796 you advanced to experience level 8. On T:2198 you reached level 6 of The Gnomish Mines. On T:3777 you reached level 4 of The Dungeons of Doom. On T:3805 you reached level 5 of The Dungeons of Doom. On T:3829 you reached level 6 of The Dungeons of Doom. On T:3953 you reached level 7 of The Dungeons of Doom. On T:3983 you received advice from The Oracle. On T:4051 you reached level 8 of The Dungeons of Doom. On T:4142 you advanced to experience level 9. On T:4367 you reached level 9 of The Dungeons of Doom. On T:4603 you reached level 10 of The Dungeons of Doom. On T:4694 you reached level 11 of The Dungeons of Doom. On T:5013 you reached level 12 of The Dungeons of Doom. On T:5049 you reached level 13 of The Dungeons of Doom. On T:5252 you reached level 14 of The Dungeons of Doom. On T:5599 you reached level 15 of The Dungeons of Doom. On T:5653 you reached level 16 of The Dungeons of Doom. On T:5885 you reached level 17 of The Dungeons of Doom. On T:5981 you reached level 18 of The Dungeons of Doom. On T:6242 you reached level 19 of The Dungeons of Doom. On T:6287 you reached level 20 of The Dungeons of Doom. On T:7540 you reached level 21 of The Dungeons of Doom. On T:8553 you reached level 22 of The Dungeons of Doom. On T:8681 you reached level 23 of The Dungeons of Doom. Score breakdown: Gold: 3036 (11846 points) Experience: 9 levels (15756 points) Exploration: 23 levels ( 46.00%) (20101 points) Discoveries: 10 items ( 4.05%) ( 6036 points) Valuables value: (no points given unless you survive) Artifact value: 0 ( 0 points) Variety of kills: 80 monsters ( 21.11%) (13783 points) Time penalty: 8849 turns (-2197 points) Survival: died (score multiplied by 80%) Total score: 52260 Latest messages: Something is written here in the dust. You read: "el?e?etnelbereth". The frost giant hits! You die... Final status: Goodbye Zapwai the Barbarian, killed by a frost giant... You died in The Dungeons of Doom on dungeon level 23 with 52260 points, and 3036 pieces of gold, after 8849 moves. You were level 9 with a maximum of 101 hit points when you died.